 Dungeon Sprint DCSS version 0.30-a0-279-g4b46babb21 (webtiles) character file.

Game seed: 5602079105626779989

20792 wilfster70 the End of an Era (level 13, -1/117 HPs)
             Began as a Formicid Fighter on Oct 16, 2022.
             Was the Champion of Qazlal.
             Slain by a frost giant
             ... wielding a +2 battleaxe of freezing
              (8 damage)
             ... in the Dungeon (Sprint VII: "The Pits").
             The game lasted 00:10:27 (2351 turns).

wilfster70 the End of an Era (Formicid Fighter)     Turns: 2351, Time: 00:10:28

Health: -1/117     AC: 20    Str: 24    XL:     13   Next: 15%
Magic:  6/26       EV: 14    Int: 13    God:    Qazlal [******]
Gold:   8          SH: 16    Dex: 13    Spells: 12/12 levels left

rFire   . . .      SeeInvis +    a - +9 quarterstaff (speed)
rCold   + . .      Faith    .    c - +0 buckler
rNeg    . . .      Spirit   .    k - +3 chain mail
rPois   .          Reflect  .    (helmet unavailable)
rElec   .          Harm     .    (no cloak)
rCorr   .          Rampage  .    n - +2 pair of gloves
Will    +....                    (no boots)
Stlth   ..........               (no amulet)
HPRegen 0.39/turn                d - +3 ring of intelligence
MPRegen 0.20/turn                b - +3 ring of evasion

@: protected from cold, repel missiles
A: permanent stasis, dig shafts and tunnels, antennae 3, four strong arms
a: Dig, Renounce Religion, Upheaval, Elemental Force, Disaster Area


You were in the Dungeon.
You worshipped Qazlal.
Qazlal was exalted by your worship.
You visited 1 branch You collected 8 gold pieces.

Inventory:

Hand Weapons
 a - a +9 quarterstaff of speed (weapon)
 r - the +12 triple sword of Death {vorpal, rCorr Dex+2}
   (You acquired it in the Dungeon)

   It inflicts extra damage upon your enemies.
   Dex:       It affects your dexterity (+2).
   rCorr:     It protects you from acid and corrosion.
Armour
 c - a +0 buckler (worn)
 k - a +3 chain mail (worn)
 n - a +2 pair of gloves (worn)
Jewellery
 b - a +3 ring of evasion (right hand)
 d - a +3 ring of intelligence (left hand)
 s - a ring of positive energy
 t - a ring of protection from fire
Scrolls
 i - 5 scrolls of amnesia
 j - a scroll of summoning
 p - a scroll of butterflies
 v - 3 scrolls of enchant weapon
 w - 4 scrolls of enchant armour
Potions
 e - 9 potions of curing
 f - 6 potions of heal wounds
 g - 4 potions of magic
 h - 2 potions of invisibility
 l - 2 potions of brilliance
 m - 3 potions of might
 o - 4 potions of mutation
Miscellaneous
 q - a tin of tremorstones (2/2)
 u - a phantom mirror


   Skills:
 + Level 15.8 Fighting
 - Level 14.0 Staves
 + Level 15.9 Armour
 - Level 6.2 Dodging
 - Level 15.0 Shields
 + Level 18.4 Invocations
 * Level 10.8 Evocations


You had 12 spell levels left.
You didn't know any spells.
Your spell library contained the following spells:

 Spells                   Type           Power      Damage    Failure   Level
 Cigotuvi's Dreadful Rot  Necr/Pois/Air  0%         N/A       91%         2
 Ensorcelled Hibernation  Hex/Ice        0%         N/A       91%         2
 Animate Dead             Necr           0%         N/A       100%        4
 Borgnjor's Vile Clutch   Necr/Erth      0%         N/A       100%        5


Dungeon Overview and Level Annotations

Branches:
Dungeon (1/1)

Altars:
Ashenzari
Cheibriados
Dithmenos
Elyvilon
Fedhas
Gozag
Hepliaklqana
Kikubaaqudgha
Makhleb
Nemelex Xobeh
Okawaru
Qazlal
Ru
Sif Muna
Trog
Uskayaw
Vehumet
Wu Jian
Xom
Yredelemnul
Zin
The Shining One
Jiyva
Lugonu


Innate Abilities, Weirdness & Mutations

You cannot be hasted, slowed, berserked, paralysed or teleported.
You can dig through walls and to a lower floor.
You have a pair of large antennae on your head. (SInv)
Your four strong arms can wield two-handed weapons with a shield.


Message History

The frost giant is heavily wounded.
The fire crab breathes flames at you. The blast of flame misses you.
The frost giant points at you and mumbles some strange words.
The bolt of cold hits you.
* * * LOW HITPOINT WARNING * * *
You hear a sizzling sound!
You sock the frost giant!
The frost giant is heavily wounded.
You hear a howl!
You sock the frost giant!
The frost giant is severely wounded.
You block the frost giant's attack.
You bludgeon the frost giant!!
The frost giant is almost dead.
You sock the frost giant!
The frost giant is almost dead.
You hear a shout!
The frost giant casts a spell at you. The bolt of cold hits you!
* * * LOW HITPOINT WARNING * * *
The fire crab bites you but does no damage.
The fire crab claws you.
* * * LOW HITPOINT WARNING * * *
You are engulfed in flames.
You resist.
You feel more protected from fire.
* * * LOW HITPOINT WARNING * * *
You feel much better.
You hear a shout!
The polar bear is no longer berserk.
A vampire mosquito comes into view.
The polar bear is engulfed in blazing flames.
You kill the polar bear!
Qazlal accepts your kill.
The frost giant hits you with a +2 battleaxe of freezing!!
* * * LOW HITPOINT WARNING * * *
Your resistance to fire fades away.
You feel protected from cold. The frost giant freezes you!
You die... ###### ######## {{{ #.... ........ {{{ #... ........ {{{ #..#### ######## {{{ #§○'#.#{ { { { { # {{{ #Ct#†#{ { { { { # {{{{{{{ #)@##{#{ { { { {# {{{{{{{ #..# #{#{ { { { { # {{{{{{{

#..# #{#{ { { { {#
#..################
#############..................
#_________.##..................
#_________.###########++#######
#_______...###########++#######
##########'##................##


You could see a frost giant and a fire crab.

Vanquished Creatures
  A death cob (D)
  A deep elf sorcerer (D)
  A frost giant (D)
  A merfolk aquamancer (D)
  2 anacondas (D)
  A merfolk avatar (D)
  A death knight (D)
  A sixfirhy (D)
  A spriggan druid (D)
  A lindwurm (D)
  2 orc knights (D)
  A bog body (D)
  Pikel (D)
  An orc sorcerer (D)
  A manticore (D)
  3 cyclopes (D)
  A hellion (D)
  An orange demon (D)
  3 unseen horrors (D)
  2 demonic crawlers (D)
  2 efreet (D)
  A red devil (D)
  A hellwing (D)
  A troll (D)
  An ice devil (D)
  A polar bear (D)
  A hornet (D)
  A tarantella (D)
  3 blink frogs (D)
  A snapping turtle (D)
  3 tyrant leeches (D)
  6 dream sheep (D)
  A jumping spider (D)
  2 vampires (D)
  A spriggan (D)
  4 yaks (D)
  A wyvern (D)
  A fire bat (D)
  4 water elementals (D)
  3 vampire mosquitoes (D)
  2 wargs (D)
  Edmund (D)
  A floating eye (D)
  2 orc warriors (D)
  2 centaurs (D)
  2 gnoll sergeants (D)
  A small abomination (D)
  5 killer bees (D)
  A hound (D)
  An iron imp (D)
  2 iguanas (D)
  A mummy (D)
  9 gnolls (D)
  An adder (D)
  A river rat (D)
  2 ufetubi (D)
  3 orcs (D)
  A bat (D)
  2 bat skeletons (D)
  An endoplasm (D)
  A giant cockroach (D)
  A hobgoblin (D)
  2 jackals (D)
  A quokka (D)
  A ball python zombie (D)
  A jackal skeleton (D)
  A quokka skeleton (D)
  A rat (D)
116 creatures vanquished.

Notes
Turn   | Place    | Note
-------+----------+-------------------------------------------
     0 | D        | wilfster70 the Formicid Fighter began the quest for the
                  | Orb.
     0 | D        | Reached XP level 1. HP: 18/18 MP: 1/1
    15 | D        | Found a bloodstained altar of Trog.
    15 | D        | Found a shimmering blue altar of Sif Muna.
    15 | D        | Found a viscous altar of Jiyva.
    15 | D        | Found a hazy altar of Hepliaklqana.
    15 | D        | Found an opulent altar of Gozag.
    16 | D        | Found a glowing golden altar of the Shining One.
    16 | D        | Found a glowing silver altar of Zin.
    16 | D        | Found a basalt altar of Yredelemnul.
    16 | D        | Found a shimmering altar of Xom.
    16 | D        | Found an ornate altar of the Wu Jian Council.
    16 | D        | Found a sacrificial altar of Ru.
    16 | D        | Found a stormy altar of Qazlal.
    16 | D        | Found an iron altar of Okawaru.
    16 | D        | Found a sparkling altar of Nemelex Xobeh.
    16 | D        | Found a burning altar of Makhleb.
    16 | D        | Found a blossoming altar of Fedhas.
    16 | D        | Found a white marble altar of Elyvilon.
    16 | D        | Found a shadowy altar of Dithmenos.
    16 | D        | Found a snail-covered altar of Cheibriados.
    18 | D        | Found a radiant altar of Vehumet.
    18 | D        | Found a corrupted altar of Lugonu.
    19 | D        | Found a hide-covered altar of Uskayaw.
    19 | D        | Found an ancient bone altar of Kikubaaqudgha.
    19 | D        | Found a broken altar of Ashenzari.
    23 | D        | Became a worshipper of Qazlal Stormbringer
    59 | D        | Reached skill level 1 in Invocations
    59 | D        | Reached XP level 2. HP: 24/25 MP: 1/3
    72 | D        | Reached * piety under Qazlal
    73 | D        | Reached skill level 5 in Shields
    73 | D        | Reached XP level 3. HP: 30/30 MP: 2/4
    74 | D        | Reached skill level 2 in Invocations
    83 | D        | Reached ** piety under Qazlal
   169 | D        | Noticed Pikel
   169 | D        | Noticed a fire bat
   169 | D        | Noticed a lemure
   175 | D        | Noticed a lemure
   177 | D        | Noticed a lemure
   182 | D        | Noticed a gnoll sergeant
   187 | D        | Killed a fire bat
   187 | D        | Reached *** piety under Qazlal
   188 | D        | Reached skill level 5 in Fighting
   188 | D        | Reached skill level 5 in Armour
   188 | D        | Reached skill level 4 in Invocations
   188 | D        | Reached XP level 4. HP: 24/40 MP: 4/7
   188 | D        | Reached XP level 5. HP: 28/46 MP: 4/8
   191 | D        | Reached skill level 5 in Invocations
   191 | D        | Reached XP level 6. HP: 32/52 MP: 4/9
   201 | D        | Killed Pikel
   202 | D        | Reached skill level 7 in Invocations
   202 | D        | Reached XP level 7. HP: 34/61 MP: 5/12
   205 | D        | Reached XP level 8. HP: 31/68 MP: 5/13
   206 | D        | Reached **** piety under Qazlal
   254 | D        | Reached skill level 10 in Staves
   254 | D        | Reached skill level 8 in Invocations
   263 | D        | Reached ***** piety under Qazlal
   459 | D        | Noticed a merfolk avatar
   476 | D        | Killed a merfolk avatar
   477 | D        | Reached skill level 10 in Shields
   477 | D        | Reached skill level 9 in Invocations
   477 | D        | Reached XP level 9. HP: 76/76 MP: 15/15
   497 | D        | Noticed an orc sorcerer
   497 | D        | Noticed an ice devil
   516 | D        | Killed an ice devil
   518 | D        | Noticed a sixfirhy
   529 | D        | Killed an orc sorcerer
   529 | D        | Reached ****** piety under Qazlal
   530 | D        | Reached skill level 10 in Armour
   530 | D        | Reached skill level 10 in Invocations
   697 | D        | Noticed a cyclops
   698 | D        | Noticed Edmund
   703 | D        | Killed a cyclops
   704 | D        | Reached skill level 10 in Fighting
   720 | D        | Killed Edmund
   725 | D        | Reached XP level 10. HP: 62/86 MP: 17/17
   737 | D        | Noticed an unseen horror
   747 | D        | Killed an unseen horror
   842 | D        | Reached skill level 11 in Invocations
  1141 | D        | Noticed a manticore
  1150 | D        | Reached skill level 12 in Invocations
  1169 | D        | Killed a manticore
  1179 | D        | Reached XP level 11. HP: 72/95 MP: 20/20
  1270 | D        | Reached skill level 1 in Dodging
  1298 | D        | Reached skill level 13 in Invocations
  1307 | D        | Reached skill level 15 in Shields
  1479 | D        | Noticed a death knight
  1511 | D        | Killed a death knight
  1512 | D        | Reached skill level 14 in Invocations
  1695 | D        | Noticed a lindwurm
  1715 | D        | Killed a lindwurm
  1808 | D        | Noticed a spriggan druid
  1809 | D        | Noticed a cyclops
  1809 | D        | Noticed an orc knight
  1811 | D        | Killed an orc knight
  1811 | D        | Killed a spriggan druid
  1812 | D        | Reached skill level 5 in Dodging
  1812 | D        | Reached skill level 16 in Invocations
  1814 | D        | Killed a cyclops
  1815 | D        | Reached XP level 12. HP: 103/106 MP: 6/24
  1938 | D        | Acquired the +12 triple sword of Death {vorpal, rCorr
                  | Dex+2}
  2142 | D        | Reached skill level 17 in Invocations
  2191 | D        | Noticed a sixfirhy
  2191 | D        | Noticed a frost giant
  2191 | D        | Noticed a deep elf sorcerer
  2192 | D        | Killed a deep elf sorcerer
  2199 | D        | Killed a frost giant
  2200 | D        | Reached skill level 15 in Fighting
  2200 | D        | Reached skill level 15 in Armour
  2203 | D        | Killed a sixfirhy
  2221 | D        | Got Sif Muna's Commentary on Snowy Unholy Magic
  2293 | D        | Noticed a death cob
  2296 | D        | Noticed a merfolk aquamancer
  2308 | D        | Killed a merfolk aquamancer
  2309 | D        | Noticed a frost giant
  2321 | D        | Killed a death cob
  2322 | D        | Reached skill level 18 in Invocations
  2322 | D        | Reached XP level 13. HP: 46/116 MP: 3/26
  2326 | D        | Noticed an anaconda
  2327 | D        | Reached skill level 10 in Evocations
  2329 | D        | Noticed an anaconda
  2332 | D        | Killed an anaconda
  2340 | D        | Killed an anaconda
  2344 | D        | HP: 4/117 [frost giant/bolt of cold (33)]
  2350 | D        | HP: 4/117 [fire crab (4)]
  2351 | D        | Slain by a frost giant

Illustrated notes

Levels and vault maps discovered:
D:        pitsprint [storerooms_1, entrance_room_1, metal_vault_5, armoury_3,
          mini_pit_1, grid_room_1, main_hall_1, silver_pit, the_coven_3,
          the_vestibule_1, steel_vault_1, golden_pit, hallway_of_sentries,
          crystal_vault_2, iron_vault_2, final_vault]

Skill      XL: |  1  2  3  4  5  6  7  8  9 10 11 12 13 |
---------------+----------------------------------------+-----
Staves         | 3 6 9 11 12 14 | 14.0
Invocations    | 1 4 5 7 9 10 12 16 18 | 18.4
Fighting       | 4 5 6 7 8 9 10 12 13 15 | 15.8
Armour         | 4 5 6 8 9 10 12 13 15 | 15.9
Shields        | 5 7 9 10 12 14 15 | 15.0
Dodging        | 5 6 |  6.2
Evocations     | 9 10 | 10.8

Action                   |  1- 3 |  4- 6 |  7- 9 | 10-12 | 13-15 || total
-------------------------+-------+-------+-------+-------+-------++-------
Melee: Quarterstaff      |    31 |    14 |    97 |   305 |    24 ||   471
Invok: Disaster Area     |       |       |       |     7 |       ||     7
  Use: Potion            |     3 |       |       |     4 |     2 ||     9
       Scroll            |       |       |       |     8 |       ||     8
Armor: Scale mail        |    18 |       |       |       |       ||    18
       Chain mail        |     7 |     6 |    17 |    44 |     6 ||    80
Dodge: Dodged            |    12 |     3 |    20 |    69 |     7 ||   111
       Repelled          |       |       |       |     1 |       ||     1
Block: Buckler           |    16 |     3 |    54 |   159 |     6 ||   238

Table legend: (Time is in decaauts)
 A = Elapsed time spent in this place.
 B = Non-inter-level travel time spent in this place.
 C = Inter-level travel time spent in this place.
 D = Time resting spent in this place.
 E = Time spent auto-exploring this place.
 F = Levels seen in this place.
 G = Mean time per level.
                   A        B        C        D        E       F      G
               +--------+--------+--------+--------+--------+-----+--------+
         Total |   2106 |   2061 |     45 |   1042 |      0 |   1 | 2106.0 |
       Dungeon |   2106 |   2061 |     45 |   1042 |      0 |   1 | 2106.0 |
               +--------+--------+--------+--------+--------+-----+--------+

Top non-repeatable levels by time:
       D: 2106 daAuts
